 Dungeon Crawl Stone Soup version 0.31-a0-675-g238779eb0a (webtiles) character file.

Game seed: 15163247300683281816

87549 Xavori the Unseen (level 15, -19/90 (103) HPs)
             Began as an Octopode Chaos Knight on Sept 4, 2023.
             Was a Plaything of Xom.
             Demolished by a two-headed ogre
             ... wielding a +0 giant club
              (26 damage)
             ... on level 12 of the Dungeon on Sept 5, 2023.
             The game lasted 00:36:02 (32874 turns).

Xavori the Unseen (Octopode Chaos Knight)          Turns: 32874, Time: 00:36:03

HP:   -19/90 (103)  AC: 10    Str: 13    XL:     15   Next: 91%
MP:   15/15         EV: 29    Int: 14    God:    Xom [......]
Gold: 1682          SH: 13    Dex: 18    Spells: 12/14 levels left

rFire   . . .        G - +1 rapier (holy)
rCold   . . .        H - +2 kite shield {AC+3}
rNeg    . . .        I - +2 hat
rPois   +            A - amulet of regeneration
rElec   .            w - ring of willpower
rCorr   .            i - +5 ring of evasion
SInv    .            B - +5 ring of evasion
Will    +++..        K - +4 ring of protection
Stlth   +++++++++    (no ring)
HPRegen 1.15/turn    (no ring)
MPRegen 0.14/turn    (no ring)
                     (no ring)

%: no passive effects
@: heavily drained, unable to read
A: almost no armour, amphibious, 8 rings, camouflage 1, gelatinous body 1,
(nimble swimmer 1), tentacles, strong-willed 1, poison resistance, screaming 1,
wild magic 2, inability to read after injury 1, MP-powered wands
a: Renounce Religion


You were on level 12 of the Dungeon.
You worshipped Xom.
You were a very special plaything of Xom.
You visited 3 branches of the dungeon, and saw 19 of its levels.

You collected 1802 gold pieces.
You spent 120 gold pieces at shops.

Inventory:

Hand Weapons
 h - a +3 dagger of protection
 G - a +1 rapier of holy wrath (weapon)
Missiles
 u - a throwing net
Armour
 q - a +2 buckler
 H - a +2 kite shield of protection (worn)
 I - a +2 hat (worn)
Jewellery
 i - a +5 ring of evasion (right tentacle)
 w - a ring of willpower (left tentacle)
 A - an amulet of regeneration (around mantle)
 B - a +5 ring of evasion (on tentacle)
 E - a ring of flight
 K - a +4 ring of protection (on tentacle)
 O - a +5 ring of evasion
 P - an amulet of faith
 R - an amulet of magic regeneration
Wands
 j - a wand of mindburst (7)
 D - a wand of iceblast (15)
 J - a wand of flame (21)
Scrolls
 a - 5 scrolls of enchant armour
 b - a scroll of butterflies
 c - 9 scrolls of teleportation
 e - 2 scrolls of silence
 g - 3 scrolls of revelation
 k - 3 scrolls of poison
 m - 3 scrolls of vulnerability
 p - a scroll of fear
 r - 4 scrolls of immolation
 s - a scroll of blinking
 x - a scroll of enchant weapon
 y - 5 scrolls of fog
 L - 3 scrolls of identify
 M - 2 scrolls of amnesia
Potions
 d - 3 potions of attraction
 f - a potion of lignification
 l - a potion of mutation
 n - a potion of cancellation
 o - 2 potions of magic
 t - a potion of brilliance
 v - 7 potions of ambrosia
 z - 2 potions of resistance
 C - 4 potions of curing
 N - a potion of heal wounds
 Q - a potion of might
Miscellaneous
 F - a sack of spiders


   Skills:
 + Level 10.2 Fighting
 + Level 11.7 Short Blades
 + Level 12.3 Dodging
 + Level 20.9 Stealth
 + Level 7.1 Shields
 + Level 2.1 Unarmed Combat
 - Level 4.4 Translocations
 - Level 10.3 Evocations


You had 12 spell levels left.
You knew the following spells:

 Your Spells              Type           Power      Damage    Failure   Level
a - Blink                 Tloc           38%        N/A       36%         2

Your spell library contained the following spells:

 Spells                   Type           Power      Damage    Failure   Level
 Lesser Beckoning         Tloc           38%        N/A       36%         2
 Momentum Strike          Conj/Tloc      18%        3d8       63%         2
 Sandblast                Erth           0%         2d4       78%         1
 Portal Projectile        Hex/Tloc       18%        N/A       83%         3
 Passwall                 Tmut/Erth      0%         N/A       88%         2
 Wereblood                Tmut           0%         N/A       88%         2
 Call Canine Familiar     Summ           0%         N/A       98%         3
 Ignite Poison            Fire/Tmut/Pois 0%         N/A       98%         3
 Ozocubu's Armour         Ice            0%         N/A       98%         3
 Stone Arrow              Conj/Erth      0%         3d7       98%         3
 Vhi's Electric Charge    Tloc/Air       18%        N/A       99%         4
 Animate Dead             Necr           0%         N/A       100%        4
 Leda's Liquefaction      Hex/Erth       0%         N/A       100%        4
 Sticky Flame             Conj/Fire      0%         2d3       100%        4
 Alistair's Intoxication  Tmut/Pois      0%         N/A       100%        5
 Arcjolt                  Conj/Air       0%         1d10      100%        5
 Borgnjor's Vile Clutch   Necr/Erth      0%         N/A       100%        5
 Irradiate                Conj/Tmut      0%         3d11      100%        5
 Eringya's Noxious Bog    Tmut/Pois      0%         4d6       100%        6
 Plasma Beam              Fire/Air       0%         2x1d10    100%        6
 Haunt                    Necr/Summ      0%         N/A       100%        7
 Ozocubu's Refrigeration  Ice            0%         4d7       100%        7
 Ignition                 Fire           0%         3d3       100%        8
 Infestation              Necr           0%         N/A       100%        8


Dungeon Overview and Level Annotations

Branches:
Dungeon (12/15)            Temple (0/1) D:4            Lair (5/5) D:11
  Swamp (0/4) Lair:3        Snake (0/4) Lair:2        Slime (0/5) Lair:5
    Orc (2/2) D:9             Elf (0/3) Orc:2

Altars:
Cheibriados
Dithmenos
Elyvilon
Fedhas
Gozag
Kikubaaqudgha
Makhleb
Nemelex Xobeh
Sif Muna
Uskayaw
Vehumet
Wu Jian
Xom
Yredelemnul
Jiyva

Shops:
Orc:2 [([?

Portals:
Trove: D:11 (give 3 potions of resistance)

Annotations:
Lair:2 3 runed translucent doors, jink69's ghost, journeyman FoFi
Lair:5 1 runed translucent door


Innate Abilities, Weirdness & Mutations

You cannot wear most types of armour.
You are amphibious.
You can wear up to eight rings at the same time.
Your skin changes colour to match your surroundings (Stealth+).
Your rubbery body absorbs attacks. (AC +1, EV +1)
((You are camouflaged when in or above water. (Stealth+)))
You have tentacles for arms and can constrict up to eight enemies at once.
You are strong-willed. (Will+)
Your system is resistant to poisons. (rPois)
You occasionally shout uncontrollably at your foes.
Your spells are harder to cast, but more powerful.
You occasionally lose the ability to read scrolls when taking damage.
You expend magic power (3 MP) to strengthen your wands.


Message History

Unknown command.
You hit the two-headed ogre but do no damage.
You squeeze the two-headed ogre!
The two-headed ogre is moderately wounded.
Xom pokes at a nearby escape hatch.
Nothing appears to happen...
Ominous!
The chaos spawn completely misses you. The rust devil misses you.
The two-headed ogre misses you. The two-headed ogre closely misses you.
You block the two-headed ogre's attack.
The two-headed ogre completely misses you.
You barely miss the two-headed ogre.
You squeeze the two-headed ogre, but do no damage.
The two-headed ogre is moderately wounded.
The soul eater draws from the surrounding life force!
The rust devil barely misses you. The chaos spawn misses you.
You block the ice devil's attack.
Unknown command.
You barely miss the two-headed ogre. You squeeze the two-headed ogre!
The two-headed ogre is heavily wounded.
The two-headed ogre completely misses you.
The two-headed ogre closely misses you. The two-headed ogre misses you.
The two-headed ogre closely misses you.
Unknown command.
You hit the two-headed ogre.
You squeeze the two-headed ogre, but do no damage.
The two-headed ogre is heavily wounded.
The ice devil hits you. The ice devil freezes you! The chaos spawn misses you.
The rust devil completely misses you.
Unknown command.
You puncture the two-headed ogre!
The two-headed ogre is severely wounded.
The ice devil hits you! The ice devil freezes you!
The soul eater draws from the surrounding life force!
The rust devil misses you. The chaos spawn misses you.
The two-headed ogre hits you with a +0 giant spiked club!!
* * * LOW HITPOINT WARNING * * *
You feel threatened and lose the ability to read scrolls!
The two-headed ogre closely misses you. x2
The two-headed ogre hits you with a +0 giant club!!
You die...
Xom giggles madly!

########### ..>......... .
........... .. #..........#
... #..........###....
#<.......53.......
.........44O......
........54@O5..... .#
........######### .#
.###....# . #. #....#
#...###....#.....########
##..........#.....#......#
##..#######....#.....#......#
..... #....#.....#.##...#
..... #....#.....#......#


You could see a soul eater (summoned), 2 two-headed ogres, an ice devil
(summoned), a rust devil (summoned), a chaos spawn (summoned) and 3 white imps.

Vanquished Creatures
  Gastronok (D:11)
  An orc warlord (Orc:2)
  2 dire elephants
  A great orb of eyes (Lair:5)
  2 hydras (Lair:5)
  Erolcha (D:11)
  A boulder beetle (D:11)
  3 two-headed ogres
  2 catoblepae (Lair:5)
  13 death yaks
  A deep troll shaman (Lair:5)
  An orc high priest (Orc:2)
  Sonja (Lair:4)
  Amaemon (Lair:3)
  3 skysharks
  2 bog bodies (Lair:3)
  A sea snake (D:11)
  An orb spider (Lair:3)
  Pikel (D:5)
  A lindwurm (Lair:5)
  An orc knight (Orc:2)
  A cyclops (D:11)
  A salamander (Lair:2)
  A manticore (D:11)
  2 orc sorcerers (Orc:2)
  Joseph (D:7)
  A torpor snail (Lair:1)
  12 elephants
  3 black mambas
  Jeremiah (D:9)
  12 cane toads
  A gargoyle (D:11)
  An orange demon (Lair:3)
  2 unseen horrors
  2 rime drakes
  11 komodo dragons
  A queen bee (Lair:1)
  2 polar bears (Lair:5)
  3 trolls
  14 dream sheep
  20 blink frogs
  2 wyverns
  A shadow (D:12)
  A wraith (D:10)
  A basilisk (Lair:1)
  50 yaks
  Eustachio (D:4)
  2 steam dragons (D:9)
  6 vampire mosquitoes (D:12)
  2 swamp worms (Lair:3)
  A warg (Orc:1)
  An acid dragon (D:11)
  14 water moccasins
  35 orc warriors
  3 ice beasts
  5 black bears
  4 ogres
  7 wolves
  2 centaurs
  3 lemures (D:5)
  A phantom (D:5)
  A kobold brigand (D:8)
  12 bullfrogs
  Blork the orc (D:5)
  6 scorpions
  8 wights
  20 killer bees
  3 vampire bats (D:9)
  5 electric eels
  16 orc priests
  A centaur zombie (D:5)
  4 hounds
  A gnoll bouda (D:9)
  2 jellies
  2 iguanas
  17 orc wizards
  2 hell rats (Lair:2)
  A hound zombie (D:5)
  13 gnolls
  2 adders
  9 river rats
  A shadow imp (D:7)
  A white imp (D:6)
  3 worms
  A dart slug (D:5)
  78 orcs
  5 bats
  4 bat skeletons (D:9)
  3 bat zombies (D:9)
  7 endoplasms
  5 giant cockroaches
  8 goblins
  5 hobgoblins
  8 jackals
  11 kobolds
  7 quokkas
  5 ball pythons
  7 frilled lizards
  6 rats
566 creatures vanquished.

Vanquished Creatures (collateral kills)
  A boulder beetle (D:11)
  An orc knight (Orc:1)
  A cane toad (Lair:1)
  2 rime drakes
  A komodo dragon (Lair:1)
  4 yaks
  A warg (Orc:2)
  An ice beast (Orc:2)
  6 orc warriors
  A tengu (D:4)
  A bullfrog (Lair:1)
  4 killer bees (Lair:1)
  4 orc priests
  An orc wizard (Orc:2)
  A river rat (D:5)
  10 orcs
40 creatures vanquished.

Vanquished Creatures (others)
  2 dancing weapons (Orc:2)
  A troll (Orc:2)
  A yak (Lair:3)
  An ogre (Orc:2)
  An orc wizard (Orc:2)
6 creatures vanquished.

Grand Total: 612 creatures vanquished

Notes
Turn   | Place    | Note
-------+----------+-------------------------------------------
     0 | D:1      | Xavori the Octopode Chaos Knight began the quest for the
                  | Orb.
     0 | D:1      | Reached XP level 1. HP: 16/16 MP: 1/1
    72 | D:1      | Reached XP level 2. HP: 18/21 MP: 2/2
   449 | D:1      | XOM: divination: detect items
   773 | D:1      | Reached XP level 3. HP: 24/26 MP: 3/3
  2016 | D:1      | XOM is BORED!
  2016 | D:1      | XOM: noise
  2086 | D:1      | XOM: god gift: 5 stones
  2430 | D:1      | XOM: god gift: ring mail {god gift}
  2556 | D:1      | XOM is BORED!
  3873 | D:1      | XOM: scenery: create altars
  4026 | D:1      | XOM: cloud trail
  5156 | D:1      | XOM: silly message
  5496 | D:1      | XOM: give mutation
  5496 | D:1      | Gained mutation: You have hidden genetic potential. [Xom's
                  | grace]
  5635 | D:1      | XOM: summons 2 hostile demons
  5912 | D:1      | XOM is BORED!
  5927 | D:1      | XOM: noise
  7744 | D:1      | XOM: 3-stop teleportation journey
  8434 | D:1      | XOM: divination: magic mapping
  8803 | D:1      | XOM: divination: detect items
  9184 | D:1      | XOM: give mutations
  9184 | D:1      | Gained mutation: You are vulnerable to heat. (rF-) [Xom's
                  | mischief]
  9184 | D:1      | Gained mutation: Your muscles are strong. (Str +4, Int/Dex
                  | -1) [Xom's mischief]
  9609 | D:2      | Reached skill level 1 in Stealth
  9847 | D:2      | Reached skill level 2 in Stealth
  9927 | D:2      | Reached XP level 4. HP: 31/31 MP: 4/4
 10126 | D:2      | Gained mutation: You are robust. (+10% HP) [hidden
                  | potential]
 10331 | D:3      | Reached skill level 3 in Stealth
 10352 | D:3      | Reached XP level 5. HP: 25/39 MP: 5/5
 10459 | D:3      | Reached skill level 4 in Stealth
 10461 | D:3      | Noticed a +0 falchion
 10461 | D:3      | Noticed a +0 spear
 10461 | D:3      | Noticed a +0 dagger
 10462 | D:3      | Noticed a +0 falchion
 10462 | D:3      | Noticed a +0 short sword
 10464 | D:3      | Noticed a +0 spear
 10464 | D:3      | Noticed a +0 short sword
 10465 | D:3      | Noticed a +0 dagger
 10474 | D:3      | Gained mutation: You are strong-willed. (Will+) [hidden
                  | potential]
 10474 | D:3      | Lost mutation: You have hidden genetic potential. [hidden
                  | potential expressed]
 10494 | D:3      | Found a hide-covered altar of Uskayaw.
 10638 | D:3      | Found a blossoming altar of Fedhas.
 10860 | D:3      | Found a snail-covered altar of Cheibriados.
 11057 | D:4      | Noticed Eustachio
 11065 | D:4      | XOM: swap monsters
 11071 | D:4      | Killed Eustachio
 11072 | D:4      | Reached skill level 5 in Stealth
 11072 | D:4      | Reached XP level 6. HP: 36/46 MP: 6/6
 11182 | D:4      | XOM: summons friendly crimson imp
 11292 | D:4      | XOM: polymorph ogre -> tengu
 11304 | D:4      | XOM: cast spell 'Monstrous Menagerie'
 11307 | D:4      | Reached skill level 5 in Short Blades
 11307 | D:4      | Reached skill level 6 in Stealth
 11328 | D:4      | XOM: 2-stop teleportation journey
 11333 | D:4      | XOM: polymorph iguana -> gnoll
 11337 | D:4      | Reached XP level 7. HP: 51/51 MP: 7/7
 11364 | D:4      | XOM: butterfly on damage
 11369 | D:4      | XOM: destruction
 11625 | D:4      | Found a staircase to the Ecumenical Temple.
 11661 | D:4      | Found an opulent altar of Gozag.
 11661 | D:4      | XOM: summons 2 hostile shadow creatures
 11671 | D:4      | XOM: summons 7 friendly demons
 12064 | D:5      | Entered Level 5 of the Dungeon
 12110 | D:5      | Found a shadowy altar of Dithmenos.
 12139 | D:5      | XOM: repel stairs
 12141 | D:5      | Reached skill level 7 in Stealth
 12216 | D:5      | Reached XP level 8. HP: 55/59 MP: 8/8
 12237 | D:5      | XOM: summons 3 friendly demons
 12244 | D:5      | Reached skill level 8 in Stealth
 12476 | D:5      | XOM: 1-stop teleportation journey
 12584 | D:5      | XOM: 2-stop teleportation journey
 12683 | D:5      | Noticed Blork the orc
 12693 | D:5      | Killed Blork the orc
 12694 | D:5      | Reached skill level 9 in Stealth
 12753 | D:5      | XOM: god gift: ring of willpower
 12803 | D:5      | XOM: confuse monster(s)
 12810 | D:5      | Noticed Pikel
 12823 | D:5      | XOM: confuse monster(s)
 12825 | D:5      | Killed Pikel
 12826 | D:5      | Reached skill level 5 in Fighting
 12826 | D:5      | Reached skill level 10 in Stealth
 12826 | D:5      | Reached XP level 9. HP: 65/67 MP: 9/9
 12858 | D:5      | XOM: noise
 13157 | D:5      | Found a basalt altar of Yredelemnul.
 13282 | D:6      | Identified the +8 flail of Vuutargh {heavy, *Slow Str+5}
 13382 | D:6      | Noticed a two-headed ogre
 13404 | D:6      | Found a shimmering altar of Xom.
 13421 | D:6      | XOM: confusion (+ monsters)
 13697 | D:6      | XOM: noise
 13807 | D:6      | Found a shimmering blue altar of Sif Muna.
 13925 | D:6      | Found a sparkling altar of Nemelex Xobeh.
 13997 | D:7      | Noticed Joseph
 14006 | D:7      | XOM: divination: magic mapping
 14014 | D:7      | XOM: confuse monster(s)
 14016 | D:7      | Killed Joseph
 14017 | D:7      | Reached skill level 5 in Dodging
 14017 | D:7      | Reached skill level 11 in Stealth
 14019 | D:7      | XOM: confusion
 14192 | D:7      | XOM: potion effect (might)
 14194 | D:7      | XOM: potion effect (curing)
 14203 | D:7      | XOM: potion effect (heal wounds)
 14319 | D:7      | Reached skill level 12 in Stealth
 14376 | D:7      | Found a white marble altar of Elyvilon.
 14495 | D:7      | Found a burning altar of Makhleb.
 14635 | D:7      | XOM: cloud trail
 14659 | D:8      | Reached XP level 10. HP: 74/74 MP: 10/10
 15237 | D:9      | XOM: potion effect (berserk rage)
 15241 | D:9      | XOM: noise
 15303 | D:9      | XOM: divination: detect items
 15372 | D:9      | Reached skill level 13 in Stealth
 15439 | D:9      | XOM: potion effect (might)
 15456 | D:9      | Reached skill level 1 in Evocations
 15516 | D:9      | Found an ornate altar of the Wu Jian Council.
 15662 | D:9      | XOM: potion effect (invisibility)
 15669 | D:9      | Reached skill level 14 in Stealth
 15718 | D:9      | Found a radiant altar of Vehumet.
 15903 | D:9      | XOM: divination: detect items
 15906 | D:9      | Found a staircase to the Orcish Mines.
 15959 | D:9      | Noticed Jeremiah
 15962 | D:9      | Killed Jeremiah
 15993 | D:9      | Found an ancient bone altar of Kikubaaqudgha.
 16003 | D:9      | Reached XP level 11. HP: 80/81 MP: 11/11
 16098 | D:10     | Entered Level 10 of the Dungeon
 16312 | D:10     | Noticed a two-headed ogre
 16319 | D:10     | Killed a two-headed ogre
 16320 | D:10     | Reached skill level 15 in Stealth
 16343 | D:10     | Noticed a two-headed ogre
 16351 | D:10     | Killed a two-headed ogre
 16497 | D:10     | Reached skill level 16 in Stealth
 17031 | D:11     | XOM: potion effect (berserk rage)
 17034 | D:11     | Noticed a boulder beetle
 17096 | D:11     | XOM: potion effect (might)
 17119 | D:11     | Killed a boulder beetle
 17120 | D:11     | Reached skill level 5 in Evocations
 17140 | D:11     | Found a staircase to the Lair.
 17165 | D:11     | Noticed a boulder beetle
 17170 | D:11     | Killed a boulder beetle
 17173 | D:11     | Noticed a manticore
 17174 | D:11     | Noticed Gastronok
 17175 | D:11     | Killed a manticore
 17193 | D:11     | XOM: noise
 17200 | D:11     | XOM: cast spell 'Summon Mana Viper'
 17201 | D:11     | Killed Gastronok
 17202 | D:11     | Reached skill level 10 in Short Blades
 17219 | D:11     | XOM: potion effect (heal wounds)
 17243 | D:11     | Reached XP level 12. HP: 50/89 MP: 12/12
 17350 | D:11     | XOM: divination: magic mapping
 17384 | D:11     | Found a portal to a secret trove of treasure.
 17389 | D:11     | XOM: 3-stop teleportation journey
 17435 | D:11     | XOM: silly message
 17446 | D:11     | XOM: confuse monster(s)
 17454 | D:11     | XOM: summons 5 friendly demons
 17506 | D:11     | Noticed a two-headed ogre
 17517 | D:11     | XOM: summons friendly shadow imp
 17526 | D:11     | Killed a two-headed ogre
 17584 | D:11     | Noticed Erolcha
 17592 | D:11     | XOM: silly message
 17618 | D:11     | Killed Erolcha
 17725 | D:11     | XOM: polymorph cyclops -> sea snake
 18040 | Lair:1   | Entered Level 1 of the Lair of Beasts
 18050 | Lair:1   | Reached skill level 17 in Stealth
 18102 | Lair:1   | XOM: enchant monster (bad)
 18107 | Lair:1   | XOM: confuse monster(s)
 18179 | Lair:1   | You fall into a shaft and drop 1 floor!
 18225 | Lair:2   | Found a runed translucent gate.
 18227 | Lair:2   | Found a runed translucent gate.
 18228 | Lair:2   | Found a runed translucent gate.
 18229 | Lair:2   | Noticed jink69's ghost (journeyman FoFi)
 18231 | Lair:2   | Found a staircase to the Snake Pit.
 18334 | Lair:2   | XOM: noise
 18388 | Lair:2   | XOM: enchant monster (bad)
 18482 | Lair:1   | XOM: cast spell 'Summon Horrible Things'
 18489 | Lair:1   | Reached skill level 18 in Stealth
 18652 | Lair:1   | XOM: god gift: short sword {god gift}
 18683 | Lair:1   | XOM: 1-stop teleportation journey
 18745 | Lair:1   | XOM: 1-stop teleportation journey
 18772 | Lair:1   | XOM: silly message
 18777 | Lair:1   | XOM: 9-stop teleportation journey
 18795 | Lair:1   | XOM: polymorph killer bee -> hound
 18819 | Lair:1   | XOM: summons 5 friendly demons
 18838 | Lair:1   | Reached XP level 13. HP: 97/97 MP: 13/13
 18866 | Lair:1   | XOM: summons friendly white imp
 18868 | Lair:1   | XOM: potion effect (attraction)
 18970 | Lair:1   | XOM: enchant monster (bad)
 18987 | Lair:1   | XOM: god gift: pair of embroidered gloves {god gift}
 19038 | Lair:1   | XOM: give mutations
 19038 | Lair:1   | Gained mutation: You sometimes lose your temper in combat.
                  | [Xom's mischief]
 19038 | Lair:1   | Gained mutation: Your spells are a little harder to cast,
                  | but a little more powerful. [Xom's mischief]
 19052 | Lair:1   | Reached skill level 1 in Shields
 19221 | Lair:1   | XOM: cloud trail
 19234 | Lair:1   | XOM: confuse monster(s)
 19288 | Lair:1   | XOM: silly message
 19496 | Lair:1   | XOM: silly message
 19637 | Lair:2   | XOM: potion effect (experience)
 19637 | Lair:2   | Reached XP level 14. HP: 104/104 MP: 14/14
 19866 | Lair:2   | XOM: cloud trail
 19983 | Lair:2   | XOM: god gift: twisted runed staff {god gift}
 20036 | Lair:2   | XOM: give mutation
 20036 | Lair:2   | Gained mutation: Your mind is acute. (Int +4, Str/Dex -1)
                  | [Xom's grace]
 20065 | Lair:3   | Reached skill level 19 in Stealth
 20176 | Lair:2   | XOM: cast spell 'Chain of Chaos'
 20857 | D:11     | XOM: cloud trail
 21334 | D:11     | XOM: divination: detect creatures
 21923 | D:11     | XOM: god gift: 13 gold pieces
 22525 | D:11     | XOM: give mutations
 22525 | D:11     | Gained mutation: Your system is resistant to poisons.
                  | (rPois) [Xom's grace]
 22525 | D:11     | Gained mutation: One of your tentacles bears a spike.
                  | [Xom's grace]
 22525 | D:11     | Gained mutation: You are resistant to electric shocks.
                  | (rElec) [Xom's grace]
 22525 | D:11     | Gained mutation: Your spells are harder to cast, but more
                  | powerful. [Xom's grace]
 23235 | D:11     | XOM: cloud trail
 23407 | D:11     | XOM is BORED!
 23407 | D:11     | XOM: stat loss: -3 Int (14/17)
 23934 | D:11     | XOM: give mutations
 23934 | D:11     | Gained mutation: You are agile. (Dex +4, Str/Int -1) [Xom's
                  | grace]
 23934 | D:11     | Gained mutation: One of your tentacles bears a nasty spike.
                  | [Xom's grace]
 24060 | Lair:3   | XOM: enchant monster (good)
 24064 | Lair:3   | XOM: give mutations
 24064 | Lair:3   | Gained mutation: You are partially covered in iridescent
                  | scales. (AC +2) [Xom's grace]
 24064 | Lair:3   | Gained mutation: Your spells are much harder to cast, but
                  | much more powerful. [Xom's grace]
 24066 | Lair:3   | XOM: polymorph skyshark -> orb spider
 24083 | Lair:3   | XOM: summons 14 friendly demons
 24092 | Lair:3   | Reached skill level 10 in Dodging
 24119 | Lair:3   | Noticed Amaemon
 24126 | Lair:3   | XOM: 2-stop teleportation journey
 24284 | Lair:3   | XOM: potion effect (brilliance)
 24289 | Lair:3   | XOM: potion effect (berserk rage)
 24291 | Lair:3   | XOM: summons 5 friendly demons
 24307 | Lair:3   | Killed Amaemon
 24320 | Lair:3   | XOM: enchant monster (good)
 24334 | Lair:3   | XOM: enchant monster (good)
 24350 | Lair:3   | XOM: enchant monster (good)
 24364 | Lair:3   | XOM: summons 3 friendly demons
 24392 | Lair:3   | Reached skill level 10 in Evocations
 24763 | Lair:3   | Found a staircase to the Swamp.
 24916 | Lair:3   | XOM: god gift: 5 atropa-tipped darts
 24939 | Lair:3   | Upgraded the game from 0.31-a0-672-g7da72447bb to
                  | 0.31-a0-675-g238779eb0a
 24983 | Lair:4   | XOM: repel stairs
 24986 | Lair:4   | XOM: swap monsters
 24993 | Lair:4   | XOM: enchant monster (good)
 25065 | Lair:4   | Noticed Sonja
 25079 | Lair:4   | XOM: enchant monster (good)
 25082 | Lair:4   | XOM: summons 3 hostile demons
 25084 | Lair:4   | XOM: summons 1 friendly demon
 25123 | Lair:4   | Killed Sonja
 25124 | Lair:4   | Reached skill level 5 in Shields
 25236 | Lair:4   | XOM: summons friendly iron imp
 25464 | Lair:4   | XOM: god gift: book of the Hunter
 25469 | Lair:4   | Learned a level 2 spell: Blink
 25684 | Lair:5   | XOM: stealth player
 25684 | Lair:5   | Entered Level 5 of the Lair of Beasts
 25707 | Lair:4   | a death yak changed into a dire elephant
 25707 | Lair:4   | Noticed a dire elephant
 25707 | Lair:4   | XOM: polymorph death yak -> dire elephant
 25741 | Lair:4   | Killed a dire elephant
 25761 | Lair:4   | XOM: summons 8 hostile demons
 25829 | Lair:4   | Reached skill level 1 in Translocations
 25830 | Lair:4   | XOM: give mutations
 25830 | Lair:4   | Lost mutation: You are vulnerable to heat. (rF-) [Xom's
                  | mischief]
 25830 | Lair:4   | Lost mutation: You are agile. (Dex +4, Str/Int -1) [Xom's
                  | mischief]
 25932 | Lair:5   | XOM: destruction
 25941 | Lair:4   | XOM: summons 2 hostile shadow creatures
 25993 | Lair:5   | XOM: enchant monster (bad)
 26005 | Lair:5   | Reached XP level 15. HP: 112/112 MP: 15/15
 26007 | Lair:5   | XOM: divination: magic mapping
 26058 | Lair:5   | XOM: confusion (+ monsters)
 26064 | Lair:5   | XOM: noise
 26069 | Lair:5   | XOM: divination: detect items
 26081 | Lair:5   | XOM: confuse monster(s)
 26084 | Lair:5   | Reached skill level 20 in Stealth
 26102 | Lair:5   | XOM: noise
 26229 | Lair:5   | XOM: silly message
 26251 | Lair:5   | XOM: fog
 26304 | Lair:5   | XOM: confuse monster(s)
 26507 | Lair:5   | XOM: cast spell 'Olgreb's Toxic Radiance'
 26510 | Lair:5   | XOM: enchant monster (good)
 26534 | Lair:5   | XOM: fake destruction
 26670 | Lair:5   | XOM: cast spell 'Summon Ice Beast'
 26697 | Lair:5   | HP: 4/113 [death yak (21)]
 26705 | Lair:5   | XOM: fog
 26892 | Lair:5   | XOM: summons 7 friendly demons
 26952 | Lair:5   | XOM: confuse monster(s)
 27128 | Lair:5   | XOM: enchant monster (bad)
 27199 | Lair:5   | XOM: polymorph four-headed hydra -> great orb of eyes
 27203 | Lair:5   | XOM: summons 2 friendly demons
 27289 | Lair:5   | Found a runed translucent door.
 27289 | Lair:5   | Found a viscous altar of Jiyva.
 27294 | Lair:5   | Found a staircase to the Slime Pits.
 27323 | Lair:5   | XOM: blink monster(s)
 27329 | Lair:5   | XOM: enchant monster (bad)
 27332 | Lair:5   | XOM: summons 1 hostile demon
 27334 | Lair:5   | XOM: summons 2 hostile demons
 27338 | Lair:5   | XOM: cast spell 'Summon Hydra'
 27359 | Lair:5   | Gained mutation: You have an uncontrollable temper. [a
                  | neqoxec]
 27405 | Lair:5   | Reached skill level 10 in Fighting
 27736 | Lair:5   | Found the +8 whip "Snakebite" {venom, curare, rPois}
 27762 | Lair:5   | Identified the +3 scale mail of Xapsomuz {*Slow rPois Str-4
                  | Int+8}
 27971 | Orc:1    | Entered Level 1 of the Orcish Mines
 28045 | Orc:1    | Lost mutation: One of your tentacles bears a nasty spike.
                  | [potion of mutation]
 28045 | Orc:1    | Lost mutation: You are robust. (+10% HP) [potion of
                  | mutation]
 28045 | Orc:1    | Lost mutation: Your spells are much harder to cast, but
                  | much more powerful. [potion of mutation]
 28045 | Orc:1    | Gained mutation: Your muscles are very strong. (Str +8,
                  | Int/Dex -2) [potion of mutation]
 28046 | Orc:1    | Lost mutation: Your system is resistant to poisons. (rPois)
                  | [potion of mutation]
 28046 | Orc:1    | Lost mutation: Your mind is acute. (Int +4, Str/Dex -1)
                  | [potion of mutation]
 28046 | Orc:1    | Gained mutation: You occasionally lose the ability to read
                  | scrolls when taking damage. [potion of mutation]
 28047 | Orc:1    | Lost mutation: You are resistant to electric shocks.
                  | (rElec) [potion of mutation]
 28047 | Orc:1    | Lost mutation: One of your tentacles bears a spike. [potion
                  | of mutation]
 28047 | Orc:1    | Lost mutation: Your muscles are very strong. (Str +8,
                  | Int/Dex -2) [potion of mutation]
 28047 | Orc:1    | Lost mutation: You are partially covered in iridescent
                  | scales. (AC +2) [potion of mutation]
 28047 | Orc:1    | Gained mutation: Your spells are much harder to cast, but
                  | much more powerful. [potion of mutation]
 28048 | Orc:1    | Lost mutation: Your spells are much harder to cast, but
                  | much more powerful. [potion of mutation]
 28048 | Orc:1    | Lost mutation: Your muscles are strong. (Str +4, Int/Dex
                  | -1) [potion of mutation]
 28048 | Orc:1    | Lost mutation: You have an uncontrollable temper. [potion
                  | of mutation]
 28048 | Orc:1    | Gained mutation: Your system is resistant to poisons.
                  | (rPois) [potion of mutation]
 28048 | Orc:1    | Gained mutation: You expend magic power (3 MP) to
                  | strengthen your wands. [potion of mutation]
 28094 | Orc:1    | XOM: silly message
 28100 | Orc:2    | Entered Level 2 of the Orcish Mines
 28125 | Orc:2    | XOM: polymorph orc warrior -> ice beast
 28130 | Orc:1    | XOM: enchant monster (bad)
 28136 | Orc:1    | XOM: torment (36/103 hp)
 28142 | Orc:1    | XOM: repel stairs
 28144 | Orc:1    | XOM: destruction
 28146 | Orc:1    | XOM: summons friendly quasit
 28233 | Orc:1    | XOM: 3-stop teleportation journey
 28278 | Orc:2    | XOM: summons 2 friendly demons
 28280 | Orc:2    | XOM: confuse monster(s)
 28376 | Orc:2    | XOM: smoke on damage
 28477 | Orc:2    | XOM: confusion (+ monsters)
 28774 | Orc:2    | XOM: swap monsters
 28850 | Orc:2    | Noticed an orc warlord
 28850 | Orc:2    | XOM: summons 3 friendly demons
 28852 | Orc:2    | XOM: summons 7 friendly demons
 28875 | Orc:2    | XOM: cloud trail
 28987 | Orc:2    | XOM: fog
 28991 | Orc:2    | Found a staircase to the Elven Halls.
 28991 | Orc:2    | XOM: 6-stop teleportation journey
 28998 | Orc:2    | XOM: divine lightning
 28999 | Orc:2    | Found Vaedeome's Magic Scroll Boutique.
 29028 | Orc:2    | Bought a scroll of blinking for 120 gold pieces
 29152 | Orc:2    | XOM: divination: detect creatures
 29171 | Orc:2    | XOM: cast spell 'Discord'
 29185 | Orc:2    | Killed an orc warlord
 29295 | Orc:2    | XOM: noise
 29374 | Orc:2    | Found Coso's Armour Boutique.
 29443 | Orc:2    | XOM: god gift: +2 kite shield of protection
 29492 | Orc:2    | Found Onureon's Antique Weapon Boutique.
 29499 | Orc:2    | Found Ufryst's Antique Armour Shop.
 29646 | D:12     | XOM: scenery: 1 doors open
 29958 | D:11     | XOM: silly message
 30089 | D:11     | XOM: give mutation
 30089 | D:11     | Gained mutation: You are robust. (+10% HP) [Xom's grace]
 30234 | D:11     | XOM: draining
 30351 | D:11     | XOM: summons 3 hostile demons
 30417 | D:11     | XOM: silly message
 31258 | D:11     | XOM: give mutations
 31258 | D:11     | Gained mutation: You have an uncontrollable temper. [Xom's
                  | mischief]
 31258 | D:11     | Lost mutation: You are robust. (+10% HP) [Xom's mischief]
 31868 | D:11     | XOM: summons 6 hostile demons
 32176 | D:11     | XOM: summons 6 hostile demons
 32211 | D:12     | XOM: give mutations
 32211 | D:12     | Lost mutation: You have an uncontrollable temper. [Xom's
                  | mischief]
 32211 | D:12     | Gained mutation: You occasionally shout uncontrollably at
                  | your foes. [Xom's mischief]
 32211 | D:12     | Lost mutation: You sometimes lose your temper in combat.
                  | [Xom's mischief]
 32250 | D:12     | XOM: 2-stop teleportation journey
 32622 | D:12     | XOM is BORED!
 32867 | D:12     | XOM: summons 8 hostile demons
 32874 | D:12     | Demolished by a two-headed ogre

Illustrated notes

Levels and vault maps discovered:
D:1:      amcnicky_arrival_blooded_trapdoor, layout_loops_ring
D:2:      layout_loops_cross
D:3:      layout_basic, nicolae_uskayaw_en_pointe, fedhas_altar_4,
          marbit_many_paths
D:4:      layout_loops_ring, nicolae_gozag_cash_rules_everything_around_me,
          minmay_temple_entry_arrows, uniq_eustachio
D:5:      wad_woods_settlement, layout_loops_ring,
          lemuel_zombie_altar_yredelemnul, grunt_dithmenos_smoke_and_mirrors,
          minmay_parallelograms, uniq_blork_the_orc, uniq_pikel
D:6:      layout_basic, kennysheep_mini,
          mainiacjoe_overflow_concentric_impassable,
          lemuel_coloured_pillars_altar, hex_large,
          hangedman_decor_clover_reticule
D:7:      layout_rooms, makhleb_blood_cavern_becter,
          mainiacjoe_overflow_24_doors, uniq_joseph
D:8:      layout_basic
D:9:      layout_roguey, nicolae_vehumet_altar_sigil,
          mainiacjoe_overflow_alcove_2, kennysheep_vampire_church, orc_0_dummy,
          uniq_jeremiah
D:10:     layout_loops_ring, special_room [special_room_orc]
D:11:     layout_loops_ring, due_lair_maze_entry_diamond, enter_trove_0,
          uniq_erolcha, uniq_gastronok
D:12:     layout_stronghold, minivault_25
Lair:1:   layout_roguey, special_room [special_room_bee], worms_lemuel,
          infiniplex_staircase_pool_2, grunt_megastairs_2
Lair:2:   layout_roguey, nicolae_snake_entry_warm_welcome,
          gammafunk_ghost_split, kennysheep_rathole
Lair:3:   layout_regular_city, nicolae_swamp_entry_splash_gauntlet,
          lemuel_fruit_tree, uniq_amaemon
Lair:4:   layout_roguey, grunt_megastairs_3, uniq_sonja
Lair:5:   grunt_lair_end_beastmaster, layout_hall_layers, slime_entry_2,
          gammafunk_lair_bear_cave, grunt_megastairs_5,
          infiniplex_staircase_pool
Orc:1:    layout_diamond_mine, gammafunk_ghost_cemetery
Orc:2:    grunt_orc_community_town_hall, layout_caves,
          grunt_orc_community_big_house_1, grunt_orc_community_big_house_2,
          grunt_orc_community_house_2, grunt_orc_community_house_2,
          grunt_orc_community_house_2, grunt_orc_community_house_2

Skill      XL: |  1  2  3  4  5  6  7  8  9 10 11 12 13 14 15 |
---------------+----------------------------------------------+-----
Stealth        | 2 3 5 6 7 10 12 14 16 18 19 20 | 20.9
Short Blades   | 4 5 7 8 9 10 11 | 11.7
Dodging        | 3 4 5 6 7 8 9 10 12 | 12.3
Fighting       | 4 5 6 7 8 9 10 | 10.2
Evocations     | 3 5 7 9 10 | 10.3
Shields        | 2 5 7 |  7.1
Unarmed Combat | 2 |  2.1
Translocations | 1 4 |  4.4

Action                     |  1- 3 |  4- 6 |  7- 9 | 10-12 | 13-15 || total
---------------------------+-------+-------+-------+-------+-------++-------
  Melee: Short sword       |    38 |       |       |       |       ||    38
         Constrict         |    25 |    23 |    43 |    61 |   165 ||   317
         Tentacles         |    26 |    24 |    67 |   178 |   552 ||   847
         Punch             |     4 |     1 |    10 |    12 |    68 ||    95
         Dagger            |    49 |   103 |   231 |   655 |  1652 ||  2690
         Unarmed           |     5 |       |       |       |       ||     5
         Kick              |       |       |       |       |   464 ||   464
         Rapier            |       |       |       |       |     8 ||     8
  Evoke: Wand              |       |       |       |     3 |     5 ||     8
         Sack of spiders   |       |       |       |     1 |     1 ||     2
    Use: Scroll            |       |     1 |     6 |    12 |     4 ||    23
         Potion            |       |     2 |     1 |     3 |    12 ||    18
   Stab: Sleeping          |     9 |     6 |    17 |    52 |    15 ||    99
         Distracted        |       |     2 |     2 |     1 |    11 ||    16
         Confused          |       |       |     2 |     5 |    12 ||    19
         Invisible         |       |       |       |     6 |     4 ||    10
         Petrifying        |       |       |       |       |     3 ||     3
         Petrified         |       |       |       |       |     4 ||     4
 Armour: Skin              |    38 |    57 |    65 |   175 |   389 ||   724
  Dodge: Dodged            |    61 |    45 |    89 |   375 |  1140 ||  1710
  Block: Buckler           |       |       |       |    22 |   391 ||   413
         Kite shield       |       |       |       |       |    60 ||    60

Table legend: (Time is in decaauts)
 A = Elapsed time spent in this place.
 B = Non-inter-level travel time spent in this place.
 C = Inter-level travel time spent in this place.
 D = Time resting spent in this place.
 E = Time spent auto-exploring this place.
 F = Levels seen in this place.
 G = Mean time per level.
                   A        B        C        D        E       F      G
               +--------+--------+--------+--------+--------+-----+--------+
         Total |  31962 |  31104 |    858 |  16625 |  10183 |  19 | 1682.2 |
       Dungeon |  24766 |  24207 |    559 |  15473 |   6825 |  12 | 2063.8 |
          Lair |   5730 |   5475 |    255 |    850 |   2832 |   5 | 1146.0 |
  Orcish Mines |   1466 |   1423 |     43 |    301 |    525 |   2 |  733.0 |
               +--------+--------+--------+--------+--------+-----+--------+

Top non-repeatable levels by time:
     D:1: 9395 daAuts
    D:11: 6902 daAuts
  Lair:5: 1581 daAuts
   Orc:2: 1210 daAuts
  Lair:1: 1208 daAuts
     D:5: 1153 daAuts
  Lair:3: 1073 daAuts
     D:4: 1061 daAuts
    D:12: 1047 daAuts
  Lair:4: 986 daAuts
     D:9: 897 daAuts
  Lair:2: 879 daAuts
     D:2: 836 daAuts
    D:10: 812 daAuts
     D:3: 729 daAuts
